 Dungeon Crawl Stone Soup version 0.30-a0-390-g80c34de65d (webtiles) character file.

Game seed: 17372904038627370586

50 pokeman the Magician (level 3, -1/20 HPs)
             Began as a Deep Elf Hedge Wizard on Dec 4, 2022.
             Slain by Jessica
             ... wielding a +0 spectral club
              (3 damage)
             ... on level 2 of the Dungeon.
             The game lasted 00:02:39 (1508 turns).

pokeman the Magician (Deep Elf Hedge Wizard)        Turns: 1508, Time: 00:02:40

Health: -1/20      AC:  3    Str:  7    XL:     3   Next: 55%
Magic:  1/11       EV: 11    Int: 20    God:
Gold:   61         SH:  0    Dex: 14    Spells: 4/12 levels left

rFire   . . .      SeeInvis .    a - +0 dagger
rCold   . . .      Faith    .    (no shield)
rNeg    . . .      Spirit   .    k - +0 leather armour
rPois   .          Reflect  .    c - +0 hat
rElec   .          Harm     .    (no cloak)
rCorr   .          Rampage  .    (no gloves)
Will    .....                    (no boots)
Stlth   ++........               (no amulet)
HPRegen 0.23/turn                (no ring)
MPRegen 0.12/turn                (no ring)

@: very slightly contaminated, studying Short Blades
A: no striking features
a: no special abilities


You were on level 2 of the Dungeon.
You visited 1 branch of the dungeon, and saw 2 of its levels.

You collected 61 gold pieces.

Inventory:

Hand Weapons
 a - a +0 dagger (weapon)
Armour
 c - a +0 hat (worn)
 k - a +0 leather armour (worn)
Scrolls
 e - a scroll of vulnerability {unknown}
 i - a scroll of identify {unknown}
 j - a scroll of magic mapping {unknown}
Potions
 d - a potion of magic
 f - a potion of degeneration {unknown}
 g - a potion of mutation {unknown}
 h - a potion of curing {unknown}


   Skills:
 + Level 0.9 Fighting
 - Level 1.0 Armour
 + Level 2.4 Dodging
 - Level 2.4 Stealth
 * Level 5.3 Spellcasting
 + Level 1.9 Conjurations
 - Level 1.1 Summonings
 - Level 1.1 Translocations


You had 4 spell levels left.
You knew the following spells:

 Your Spells              Type           Power      Damage    Failure   Level
a - Magic Dart            Conj           52%        1d5       8%          1
b - Mephitic Cloud        Conj/Pois/Air  7%         N/A       36%         3
c - Call Imp              Summ           9%         N/A       16%         2
d - Blink                 Tloc           18%        N/A       16%         2

Your spell library contained the following spells:

 Spells                   Type           Power      Damage    Failure   Level
 Slow                     Hex            20%        N/A       16%         1
 Cigotuvi's Dreadful Rot  Necr/Pois/Air  10%        N/A       24%         2
 Ensorcelled Hibernation  Hex/Ice        10%        N/A       24%         2
 Gell's Gravitas          Tloc           9%         N/A       30%         3
 Lesser Beckoning         Tloc           18%        N/A       30%         3
 Teleport Other           Tloc           9%         N/A       30%         3
 Spider Form              Tmut/Pois      5%         N/A       43%         3
 Anguish                  Hex/Necr       2%         N/A       85%         4


Dungeon Overview and Level Annotations

Branches:
Dungeon (2/15)

Altars:

Annotations:
D:2 Jessica


Message History

Press: ? - help, Shift-Dir - straight line, f/p - Jessica
Aim: Jessica, wielding a +0 spectral club and wearing a +2 robe of fire resistance (moderately wounded, 100% to hit)
You miscast Magic Dart.
You are very lightly contaminated with residual magic.
Nothing appears to happen.
Casting: Magic Dart (safe; 8% risk of failure)
Confirm with . or Enter, or press ? or * to list all spells.
Aiming: Magic Dart (safe; 8% risk of failure)
Press: ? - help, Shift-Dir - straight line, f/p - Jessica
Aim: Jessica, wielding a +0 spectral club and wearing a +2 robe of fire resistance (moderately wounded, 100% to hit)
The magic dart hits Jessica.
Jessica is severely wounded.
Jessica points at you and mumbles some strange words.
Pain shoots through your body!
Ouch! That really hurt!
Casting: Magic Dart (safe; 8% risk of failure)
Confirm with . or Enter, or press ? or * to list all spells.
Aiming: Magic Dart (safe; 8% risk of failure)
Press: ? - help, Shift-Dir - straight line, f/p - Jessica
Aim: Jessica, wielding a +0 spectral club and wearing a +2 robe of fire resistance (severely wounded, 100% to hit)
The magic dart hits Jessica but does no damage.
Jessica is severely wounded.
Jessica points at you and mumbles some strange words.
Pain shoots through your body!
Casting: Magic Dart (safe; 8% risk of failure)
Confirm with . or Enter, or press ? or * to list all spells.
Aiming: Magic Dart (safe; 8% risk of failure)
Press: ? - help, Shift-Dir - straight line, f/p - Jessica
Aim: Jessica, wielding a +0 spectral club and wearing a +2 robe of fire resistance (severely wounded, 100% to hit)
You miscast Magic Dart.
Nothing appears to happen.
Jessica hits you with a +0 spectral club.
* * * LOW HITPOINT WARNING * * *
Casting: Magic Dart (safe; 8% risk of failure)
Confirm with . or Enter, or press ? or * to list all spells.
Aiming: Magic Dart (safe; 8% risk of failure)
Press: ? - help, Shift-Dir - straight line, f/p - Jessica
Aim: Jessica, wielding a +0 spectral club and wearing a +2 robe of fire resistance (severely wounded, 100% to hit)
You miscast Magic Dart.
Nothing appears to happen.
Jessica hits you with a +0 spectral club.
You die...

..
#.##.##.#####.####<#
. #.#.......#
#......#
#.#.....#.##########
#.#.##..#.##.....#
#.#...#.##.....#
......#........#
#.....#.##.....#
#.......##.....#
#.#.###@######## #@#
... ....# .#...#
....... .. #.### .#
#.


You could see Jessica.

Vanquished Creatures
  2 adders (D:2)
  A dart slug (D:1)
  4 ball pythons
  3 endoplasms (D:1)
  2 giant cockroaches
  5 goblins
  A hobgoblin (D:1)
  4 jackals (D:2)
  A kobold (D:1)
  3 bats
  A frilled lizard (D:2)
27 creatures vanquished.

Notes
Turn   | Place    | Note
-------+----------+-------------------------------------------
     0 | D:1      | pokeman the Deep Elf Hedge Wizard began the quest for the
                  | Orb.
     0 | D:1      | Reached XP level 1. HP: 10/10 MP: 7/7
   245 | D:1      | Reached XP level 2. HP: 15/15 MP: 4/9
  1094 | D:2      | Reached skill level 5 in Spellcasting
  1242 | D:2      | Reached XP level 3. HP: 20/20 MP: 4/11
  1246 | D:2      | Learned a level 3 spell: Mephitic Cloud
  1249 | D:2      | Learned a level 2 spell: Call Imp
  1261 | D:2      | Learned a level 2 spell: Blink
  1481 | D:2      | Reached skill level 1 in Armour
  1498 | D:2      | Noticed Jessica
  1508 | D:2      | Slain by Jessica

Illustrated notes

Levels and vault maps discovered:
D:1:      lightli_arrival_lavapool, layout_basic
D:2:      layout_loops_cross, uniq_jessica

Skill      XL: |  1  2  3 |
---------------+----------+-----
Spellcasting   | 5 |  5.3
Armour         | 1 |  1.0
Fighting       | |  0.9
Dodging        | |  2.4
Stealth        | |  2.4
Conjurations   | |  1.9
Summonings     | |  1.1
Translocations | |  1.1

Action                   || total
-------------------------++-------
Melee: Dagger            ||     6
 Cast: Magic Dart        ||    80
Armor: Leather armour    ||     3
Dodge: Dodged            ||    12

Table legend: (Time is in decaauts)
 A = Elapsed time spent in this place.
 B = Non-inter-level travel time spent in this place.
 C = Inter-level travel time spent in this place.
 D = Time resting spent in this place.
 E = Time spent auto-exploring this place.
 F = Levels seen in this place.
 G = Mean time per level.
                   A        B        C        D        E       F      G
               +--------+--------+--------+--------+--------+-----+--------+
         Total |   1507 |   1477 |     30 |      0 |   1303 |   2 |  753.5 |
       Dungeon |   1507 |   1477 |     30 |      0 |   1303 |   2 |  753.5 |
               +--------+--------+--------+--------+--------+-----+--------+

Top non-repeatable levels by time:
     D:1: 1063 daAuts
     D:2: 444 daAuts
